 Dungeon Crawl Stone Soup version 0.27-a0-1301-g128193abf8 (webtiles) character file.

Game seed: 7649470339349560943

389 bilbop the Skirmisher (level 6, -1/56 HPs)
             Began as a Hill Orc Fighter on June 18, 2021.
             Slain by Sigmund (2 damage)
             ... on level 4 of the Dungeon.
             The game lasted 00:11:12 (3721 turns).

bilbop the Skirmisher (Hill Orc Fighter)            Turns: 3721, Time: 00:11:13

Health: -1/56      AC: 11    Str: 20    XL:     6   Next: 79%
Magic:  8/8        EV:  7    Int:  8    God:
Gold:   132        SH:  9    Dex: 11    Spells: 5/5 levels left

rFire    . . .     SeeInvis .   a - +0 war axe
rCold    . . .     Faith    .   c - +0 kite shield
rNeg     . . .     Spirit   .   s - +0 scale mail
rPois    .         Reflect  .   r - +1 helmet
rElec    .         Harm     .   (no cloak)
rCorr    .         Rampage  .   m - +0 pair of gloves
Will     .....                  j - +0 pair of boots
Stlth    ..........             (no amulet)
HPRegen  0.18/turn              (no ring)
MPRegen  0.11/turn              (no ring)

@: no status effects
A: no striking features
a: no special abilities


You were on level 4 of the Dungeon.
You visited 1 branch of the dungeon, and saw 4 of its levels.

You collected 132 gold pieces.

Inventory:

Hand Weapons
 a - a +0 war axe (weapon)
 b - a +1 hunting sling of freezing
Missiles
 p - 6 curare-tipped darts (quivered)
 t - 50 sling bullets
Armour
 c - a +0 kite shield (worn)
 j - a +0 pair of boots (worn)
 m - a +0 pair of gloves (worn)
 n - a +1 hat
 r - a +1 helmet (worn)
 s - a +0 scale mail (worn)
Jewellery
 i - an amulet of faith
 l - a ring of poison resistance
Scrolls
 e - a scroll of enchant armour {unknown}
 f - 2 scrolls of enchant weapon {unknown}
 g - 3 scrolls of identify {unknown}
 h - a scroll of immolation {unknown}
 k - a scroll of fog {unknown}
 u - a scroll of teleportation {unknown}
Potions
 d - 2 potions of might
 o - a potion of ambrosia {unknown}
 q - 2 potions of degeneration {unknown}
 v - a potion of curing {unknown}


   Skills:
 + Level 5.1 Fighting
 + Level 4.6 Axes
 + Level 4.6 Armour
 + Level 4.6 Shields
 + Level 3.7 Invocations


You had 5 spell levels left.
You didn't know any spells.
Your spell library contained the following spells:

 Spells                   Type           Power      Damage    Failure   Level
 Animate Skeleton         Necr           0%         N/A       99%         1
 Pain                     Necr           0%         1d4       99%         1
 Shock                    Conj/Air       0%         1d3       99%         1
 Static Discharge         Conj/Air       0%         N/A       100%        2
 Swiftness                Air            0%         N/A       100%        3
 Vampiric Draining        Necr           0%         2d6       100%        3
 Airstrike                Air            0%         N/A       100%        4
 Animate Dead             Necr           0%         N/A       100%        4
 Agony                    Necr           0%         N/A       100%        5
 Lightning Bolt           Conj/Air       0%         1d11      100%        5


Dungeon Overview and Level Annotations

Branches:
Dungeon (4/15)
 Temple: D:4-7

Altars:
Fedhas
Zin

Shops:
D:2 [

Annotations:
D:4 Sigmund


Message History

Your +1 hunting sling of freezing stops glowing.
a - a +0 war axe (weapon)
Something hits you!
You hear some strange, mumbled words.
Something tries to affect you, but you resist.
You closely miss something. Something hits you!
Something hits you but does no damage.
Your shield and scale mail prevent you from hitting something.
Something hits you.
You closely miss something. Something hits you.
You closely miss something.
You hear some strange, mumbled words.
Something tries to affect you, but you resist.
You hear some strange, mumbled words.
A magic dart appears from out of thin air!
The magic dart hits you.
* * * LOW HITPOINT WARNING * * *
You closely miss something. Something hits you but does no damage.
You closely miss something. Something hits you but does no damage.
You hear some strange, mumbled words.
You are confused.
You bump into the rock wall.
Something completely misses you.
You miss something. Something hits you but does no damage.
You hit something but do no damage. Something hits you.
* * * LOW HITPOINT WARNING * * *
x2 You hear some strange, mumbled words.
Something tries to affect you, but you resist.
You bump into the rock wall.
You feel less confused. Something hits you.
* * * LOW HITPOINT WARNING * * *
x2 You closely miss something.
You block something's attack.
You closely miss something.
Something hits you but does no damage. x2
You closely miss something.
Sigmund appears from thin air!
Reactivating autopickup.
Sigmund hits you but does no damage.
You closely miss Sigmund. You block Sigmund's attack.
Sigmund hits you with a +0 vorpal scythe.
* * * LOW HITPOINT WARNING * * *
You die...

#.# #.# #. #.#
##.## #.# ##.((##
#.# .....#
#.######### ....
#.........# ..#
#########.#####.#
#...@@..#
#########


You could see Sigmund.

Vanquished Creatures
  A black bear (D:4)
  An ogre (D:4)
  A jelly (D:4)
  An iguana (D:4)
  2 orc wizards (D:4)
  5 adders
  2 dart slugs (D:1)
  4 orcs
  3 bats
  6 endoplasms
  5 giant cockroaches
  3 goblins (D:2)
  6 hobgoblins
  6 jackals
  2 quokkas (D:1)
  7 ball pythons
  A frilled lizard (D:2)
  5 kobolds
  5 rats
66 creatures vanquished.

Notes
Turn   | Place    | Note
-------+----------+-------------------------------------------
     0 | D:1      | bilbop the Hill Orc Fighter began the quest for the Orb.
     0 | D:1      | Reached XP level 1. HP: 19/19 MP: 1/1
   394 | D:1      | Reached XP level 2. HP: 27/27 MP: 2/2
   598 | D:1      | Reached skill level 1 in Invocations
   939 | D:2      | Found a faded altar of an unknown god.
   940 | D:2      | Found Racwaf's Armour Shop.
  1128 | D:2      | Reached XP level 3. HP: 30/33 MP: 3/3
  1134 | D:2      | Reached skill level 4 in Fighting
  1578 | D:2      | Reached XP level 4. HP: 28/40 MP: 5/5
  2277 | D:3      | Found a glowing silver altar of Zin.
  2749 | D:4      | Found a blossoming altar of Fedhas.
  2799 | D:4      | Noticed a scorpion
  2929 | D:4      | Reached XP level 5. HP: 23/47 MP: 6/6
  3118 | D:4      | Noticed an ogre
  3126 | D:4      | Killed an ogre
  3215 | D:4      | Reached XP level 6. HP: 36/55 MP: 8/8
  3379 | D:4      | Noticed a black bear
  3396 | D:4      | Killed a black bear
  3397 | D:4      | Reached skill level 5 in Fighting
  3697 | D:4      | Noticed Sigmund
  3721 | D:4      | HP: 1/56 [Sigmund (6)]
  3721 | D:4      | Slain by Sigmund

Illustrated notes

Levels and vault maps discovered:
D:1:      psy_arrival_spokes, layout_loops_corners, chequers_decorated_corner,
          hangedman_decor_push
D:2:      layout_rooms, serial_shops, nicolae_shop_statue_plus,
          basic_ecumenical_altar
D:3:      layout_loops_ring, amcnicky_altar_gilded
D:4:      kennysheep_six_static_rooms, layout_loops_corners, lemuel_tele_altar,
          uniq_sigmund

Skill      XL: |  1  2  3  4  5  6 |
---------------+-------------------+-----
Axes           | 3 4 |  4.6
Invocations    | 1 2 3 |  3.7
Fighting       | 4 5 |  5.1
Shields        | 4 |  4.6
Armour         | 4 |  4.6

Action                   |  1- 3 |  4- 6 || total
-------------------------+-------+-------++-------
Melee: War axe           |    66 |   116 ||   182
 Fire: Hunting sling     |       |     3 ||     3
Armor: Scale mail        |    52 |    97 ||   149
Dodge: Dodged            |    22 |    38 ||    60
Block: Kite shield       |    40 |    59 ||    99

Table legend: (Time is in decaauts)
 A = Elapsed time spent in this place.
 B = Non-inter-level travel time spent in this place.
 C = Inter-level travel time spent in this place.
 D = Time resting spent in this place.
 E = Time spent auto-exploring this place.
 F = Levels seen in this place.
 G = Mean time per level.
                   A        B        C        D        E       F      G
               +--------+--------+--------+--------+--------+-----+--------+
         Total |   3819 |   3658 |    161 |    632 |   2462 |   4 |  954.8 |
       Dungeon |   3819 |   3658 |    161 |    632 |   2462 |   4 |  954.8 |
               +--------+--------+--------+--------+--------+-----+--------+

Top non-repeatable levels by time:
     D:4: 1051 daAuts
     D:2: 1015 daAuts
     D:1: 942 daAuts
     D:3: 809 daAuts
